PBL
ROSWELL INVADERS @ AMARILLO THUNDERHEADS
10/09/2046
 
TOP OF THE 1ST
Houston Colt .45's batting - Pitching for Tijuana Toros : LHP Jose Fuentes
Pitching: LHP Jose Fuentes
Batting: RHB Jerry Shutt 0-0: Ground out 5-3 (Groundball, 56, EV 100.0 MPH)
Batting: LHB Brian Horton 0-0: Ball
1-0: Swinging Strike
1-1: SINGLE (Line Drive, 7S, EV 100.0 MPH)
Batting: RHB Alex Gonzales 0-0: Called Strike
0-1: Ball
1-1: Grounds into double play, 4-6-3 (Groundball, 4, EV 87.5 MPH)
Top of the 1st over - 0 runs, 1 hit, 0 errors, 0 left on base; Houston 0 - Tijuana 0
BOTTOM OF THE 1ST
Tijuana Toros batting - Pitching for Houston Colt .45's : RHP Dean Barnett
Pitching: RHP Dean Barnett
Batting: LHB James Betron 0-0: Swinging Strike
0-1: Called Strike
0-2: Ball
1-2: Fly out, F7 (Flyball, 7D, EV 107.5 MPH)
Batting: RHB Eduardo Arias 0-0: Called Strike
0-1: Foul Ball, location: 2F
0-2: Ball
1-2: Ball
2-2: SINGLE (Groundball, 34D, EV 109.4 MPH)
Batting: LHB Miguel Medina 0-0: Ball
1-0: Ball
2-0: Ball
3-0: Base on Balls
Eduardo Arias to second
Batting: LHB Ricardo Rosales 0-0: Ball
1-0: Ball
2-0: Swinging Strike
2-1: Ball
3-1: Foul Ball, location: 2F
3-2: Base on Balls
Eduardo Arias to third
Miguel Medina to second
Batting: RHB Mike Dodson 0-0: Called Strike
0-1: Ball
1-1: Fielders Choice at 2nd, 5-4 (Groundball, 56S, EV 83.1 MPH)
Eduardo Arias scores
Miguel Medina to third
Batting: RHB Leo Garza 0-0: Foul Ball, location: 2F
0-1: Ball
1-1: Foul Ball, location: 2F
1-2: SINGLE (Line Drive, 89S, EV 96.9 MPH)
Miguel Medina scores
Mike Dodson to second
Runner from 2nd tries for 3rd, SAFE, throw by RF made to third
Batting: LHB Tomoshi Ueda 0-0: Ball
1-0: SINGLE (Groundball, 4MD, EV 98.8 MPH)
Mike Dodson scores
Leo Garza to second
Batting: RHB Juan Hernandez 0-0: Fielders Choice at 2nd, 6-4 (Groundball, 6, EV 86.3 MPH)
Bottom of the 1st over - 3 runs, 3 hits, 0 errors, 2 left on base; Houston 0 - Tijuana 3
TOP OF THE 2ND
Houston Colt .45's batting - Pitching for Tijuana Toros : LHP Jose Fuentes
Batting: LHB Matt Reed 0-0: Foul Ball, location: 2F
0-1: Ball
1-1: Fly out, F7 (Flyball, 7LM, EV 86.9 MPH)
Batting: RHB Alex Oliveros 0-0: Ball
1-0: Called Strike
1-1: Fly out, F9 (Flyball, 89M, EV 81.9 MPH)
Batting: RHB Jacob Wright 0-0: Fly out, F8 (Line Drive, 8LD, EV 86.9 MPH)
Top of the 2nd over - 0 runs, 0 hits, 0 errors, 0 left on base; Houston 0 - Tijuana 3
BOTTOM OF THE 2ND
Tijuana Toros batting - Pitching for Houston Colt .45's : RHP Dean Barnett
Batting: LHB Jose Fuentes 0-0: Ground out 4-3 (Groundball, 4, EV 91.3 MPH)
Batting: LHB James Betron 0-0: Ball
1-0: Swinging Strike
1-1: Swinging Strike
1-2: Foul Ball, location: 2F
1-2: Ball
2-2: Ball
3-2: DOUBLE (Flyball, 8LXD, EV 96.9 MPH)
Batting: RHB Eduardo Arias 0-0: Ball
1-0: Fly out, F8 (Flyball, 8RD, EV 90.6 MPH)
Batting: LHB Miguel Medina 0-0: Foul Ball, location: 2F
0-1: Called Strike
0-2: Ball
Wild Pitch!
James Betron to third
1-2: Ball
2-2: Foul Ball, location: 2F
2-2: Strikes out looking
Bottom of the 2nd over - 0 runs, 1 hit, 0 errors, 1 left on base; Houston 0 - Tijuana 3
TOP OF THE 3RD
Houston Colt .45's batting - Pitching for Tijuana Toros : LHP Jose Fuentes
Batting: LHB Josh Basford 0-0: Called Strike
0-1: Ball
1-1: Swinging Strike
1-2: Strikes out swinging
Batting: LHB Emmanuel Jackson 0-0: Ball
1-0: Ball
2-0: Foul Ball, location: 2F
2-1: Foul Ball, location: 2F
2-2: Ball
3-2: Strikes out swinging
Batting: RHB Dean Barnett 0-0: Swinging Strike
0-1: Foul Ball, location: 2F
0-2: Ball
1-2: Foul Ball, location: 2F
1-2: Ball
2-2: Strikes out swinging
Top of the 3rd over - 0 runs, 0 hits, 0 errors, 0 left on base; Houston 0 - Tijuana 3
BOTTOM OF THE 3RD
Tijuana Toros batting - Pitching for Houston Colt .45's : RHP Dean Barnett
Batting: LHB Ricardo Rosales 0-0: Called Strike
0-1: Foul Ball, location: 2F
0-2: Ball
1-2: Foul Ball, location: 2F
1-2: Ball
2-2: Foul Ball, location: 2F
2-2: Foul Ball, location: 2F
2-2: Ball
3-2: Foul Ball, location: 2F
3-2: SOLO HOME RUN (Flyball, 9LD, EV 97.5 MPH) (Inside the Park)
Batting: RHB Mike Dodson 0-0: Ball
1-0: Ball
2-0: Called Strike
2-1: Foul Ball, location: 2F
2-2: Ball
3-2: Strikes out swinging
Batting: RHB Leo Garza 0-0: Ball
1-0: Ball
2-0: Ball
3-0: Base on Balls
Batting: LHB Tomoshi Ueda 0-0: Ball
1-0: Ball
2-0: Ball
3-0: Called Strike
3-1: Base on Balls
Leo Garza to second
Batting: RHB Juan Hernandez 0-0: Fly out, F8 (Flyball, 8LM, EV 89.4 MPH)
Batting: LHB Jose Fuentes 0-0: Called Strike
0-1: Ball
1-1: Called Strike
1-2: Ball
2-2: Fielders Choice at 2nd, 5-4 (Groundball, 5L, EV 96.3 MPH)
Bottom of the 3rd over - 1 run, 1 hit, 0 errors, 2 left on base; Houston 0 - Tijuana 4
TOP OF THE 4TH
Houston Colt .45's batting - Pitching for Tijuana Toros : LHP Jose Fuentes
Batting: RHB Jerry Shutt 0-0: Called Strike
0-1: Foul Ball, location: 2F
0-2: Foul Ball, location: 2F
0-2: Foul Ball, location: 2F
0-2: Ball
1-2: Foul Ball, location: 2F
1-2: Fly out, F7 (Line Drive, 7, EV 110.6 MPH)
Pitching: RHP Allen Downing
Batting: LHB Brian Horton 0-0: Called Strike
0-1: Ground out U3 (Groundball, 34, EV 104.4 MPH)
Batting: RHB Alex Gonzales 0-0: Called Strike
0-1: Foul Ball, location: 2F
0-2: Foul Ball, location: 2F
0-2: SINGLE (Groundball, 4MD, EV 107.5 MPH)
Batting: LHB Matt Reed 0-0: Fielders Choice at 2nd, 4-6 (Groundball, 4MD, EV 106.9 MPH)
Top of the 4th over - 0 runs, 1 hit, 0 errors, 1 left on base; Houston 0 - Tijuana 4
BOTTOM OF THE 4TH
Tijuana Toros batting - Pitching for Houston Colt .45's : RHP Dean Barnett
Pitching: LHP Peter Guiton
Batting: LHB James Betron 0-0: Ball
1-0: Ball
2-0: Called Strike
2-1: Called Strike
2-2: Foul Ball, location: 2F
2-2: Strikes out looking
Batting: RHB Eduardo Arias 0-0: Ball
1-0: Called Strike
1-1: Called Strike
1-2: Fly out, F7 (Flyball, 7, EV 90.6 MPH)
Batting: LHB Miguel Medina 0-0: Swinging Strike
0-1: Ball
1-1: Ball
2-1: Ball
3-1: Foul Ball, location: 2F
3-2: Foul Ball, location: 2F
3-2: Ground out 5-3 (Groundball, 56, EV 83.1 MPH)
Bottom of the 4th over - 0 runs, 0 hits, 0 errors, 0 left on base; Houston 0 - Tijuana 4
TOP OF THE 5TH
Houston Colt .45's batting - Pitching for Tijuana Toros : RHP Allen Downing
Batting: RHB Alex Oliveros 0-0: Ball
1-0: Swinging Strike
1-1: Called Strike
1-2: Ball
2-2: Strikes out looking
Batting: RHB Jacob Wright 0-0: Ground out 5-3 (Groundball, 56S, EV 91.3 MPH)
Batting: LHB Josh Basford 0-0: Ball
1-0: Called Strike
1-1: Ball
2-1: Foul Ball, location: 2F
2-2: Fly out, F7 (Line Drive, 7, EV 87.5 MPH)
Top of the 5th over - 0 runs, 0 hits, 0 errors, 0 left on base; Houston 0 - Tijuana 4
BOTTOM OF THE 5TH
Tijuana Toros batting - Pitching for Houston Colt .45's : LHP Peter Guiton
Batting: LHB Ricardo Rosales 0-0: Swinging Strike
0-1: Ball
1-1: Called Strike
1-2: Strikes out swinging
Batting: RHB Mike Dodson 0-0: Called Strike
0-1: Called Strike
0-2: Strikes out swinging
Batting: RHB Leo Garza 0-0: Called Strike
0-1: Ball
1-1: Ball
2-1: Called Strike
2-2: Foul Ball, location: 2F
2-2: Ball
3-2: Base on Balls
Batting: LHB Tomoshi Ueda 0-0: Ground out 5-3 (Groundball, 56S, EV 63.1 MPH)
Bottom of the 5th over - 0 runs, 0 hits, 0 errors, 1 left on base; Houston 0 - Tijuana 4
TOP OF THE 6TH
Houston Colt .45's batting - Pitching for Tijuana Toros : RHP Allen Downing
Batting: LHB Emmanuel Jackson 0-0: Ball
1-0: Ball
2-0: Called Strike
2-1: Ball
3-1: Foul Ball, location: 2F
3-2: Ground out 6-3 (Groundball, 6, EV 103.1 MPH)
Pinch Hitting: RHB Jose Matias 0-0: Ball
1-0: Ground out 4-3 (Groundball, 4, EV 83.8 MPH)
Batting: RHB Jerry Shutt 0-0: Called Strike
0-1: Ball
1-1: Fly out, F8 (Line Drive, 8RM, EV 86.9 MPH)
Top of the 6th over - 0 runs, 0 hits, 0 errors, 0 left on base; Houston 0 - Tijuana 4
BOTTOM OF THE 6TH
Tijuana Toros batting - Pitching for Houston Colt .45's : LHP Peter Guiton
Pitching: LHP Dusty Braun
Batting: RHB Juan Hernandez 0-0: Fly out, F9 (Line Drive, 9, EV 92.5 MPH)
Pinch Hitting: LHB Dave Lotts 0-0: Ball
1-0: Foul Ball, location: 2F
1-1: Called Strike
1-2: Fly out, F8 (Flyball, 8LS, EV 95.6 MPH)
Batting: LHB James Betron 0-0: Ball
1-0: Foul Ball, location: 2F
1-1: Fly out, F8 (Flyball, 8RM, EV 81.9 MPH)
Bottom of the 6th over - 0 runs, 0 hits, 0 errors, 0 left on base; Houston 0 - Tijuana 4
TOP OF THE 7TH
Houston Colt .45's batting - Pitching for Tijuana Toros : RHP Allen Downing
Pitching: LHP Francisco Flores
Batting: LHB Brian Horton 0-0: Foul Ball, location: 2F
0-1: Ball
1-1: Swinging Strike
1-2: Fly out, F2 (Popup, 2RF, EV 83.1 MPH)
Batting: RHB Alex Gonzales 0-0: Ball
1-0: Ball
2-0: Foul Ball, location: 2F
2-1: Ball
3-1: Base on Balls
Batting: LHB Matt Reed 0-0: Foul Ball, location: 2F
0-1: Called Strike
0-2: Ball
1-2: Fly out, F7 (Line Drive, 7, EV 104.4 MPH)
Batting: RHB Alex Oliveros 0-0: Swinging Strike
0-1: Foul Ball, location: 2F
0-2: Ball
1-2: Ball
2-2: Strikes out swinging
Top of the 7th over - 0 runs, 0 hits, 0 errors, 1 left on base; Houston 0 - Tijuana 4
BOTTOM OF THE 7TH
Tijuana Toros batting - Pitching for Houston Colt .45's : LHP Dusty Braun
Batting: RHB Eduardo Arias 0-0: Ball
1-0: Called Strike
1-1: Ball
2-1: Swinging Strike
2-2: Foul Ball, location: 2F
2-2: Fly out, F9 (Flyball, 89S, EV 95.0 MPH)
Batting: LHB Miguel Medina 0-0: Ball
1-0: Ball
2-0: Called Strike
2-1: Foul Ball, location: 2F
2-2: Strikes out swinging, 2-3 out at first.
Batting: LHB Ricardo Rosales 0-0: Called Strike
0-1: Ball
1-1: Foul Ball, location: 2F
1-2: Strikes out swinging
Bottom of the 7th over - 0 runs, 0 hits, 0 errors, 0 left on base; Houston 0 - Tijuana 4
TOP OF THE 8TH
Houston Colt .45's batting - Pitching for Tijuana Toros : LHP Francisco Flores
Batting: RHB Jacob Wright 0-0: Ball
1-0: Swinging Strike
1-1: Swinging Strike
1-2: Strikes out swinging
Batting: LHB Josh Basford 0-0: Ball
1-0: Swinging Strike
1-1: Ball
2-1: Foul Ball, location: 2F
2-2: Strikes out looking
Batting: LHB Emmanuel Jackson 0-0: Swinging Strike
0-1: Ball
1-1: Foul Ball, location: 2F
1-2: Strikes out looking
Top of the 8th over - 0 runs, 0 hits, 0 errors, 0 left on base; Houston 0 - Tijuana 4
BOTTOM OF THE 8TH
Tijuana Toros batting - Pitching for Houston Colt .45's : LHP Dusty Braun
Pitching: LHP Korbin Self
Batting: RHB Mike Dodson 0-0: Ball
1-0: Ground out 5-3 (Groundball, 56S, EV 85.6 MPH)
Batting: RHB Leo Garza 0-0: Ball
1-0: Ball
2-0: Ball
3-0: Called Strike
3-1: Base on Balls
Pitching: LHP Aiden Stewart
Batting: LHB Tomoshi Ueda 0-0: Ball
1-0: Ball
2-0: Called Strike
2-1: Ball
Wild Pitch!
Leo Garza to second
3-1: Foul Ball, location: 2F
3-2: SINGLE (Line Drive, 56D, EV 110.0 MPH)
Leo Garza to third
Pitching: RHP Ron Dark
Batting: RHB Juan Hernandez 0-0: Ball
1-0: Ground out 4-3 (Groundball, 4MD, EV 102.5 MPH)
Leo Garza scores
Tomoshi Ueda to second
Pinch Hitting: RHB Frank Lorenzo 0-0: Foul Ball, location: 2F
0-1: Ball
1-1: Ball
2-1: Ground out 5-3 (Groundball, 56S, EV 65.6 MPH)
Bottom of the 8th over - 1 run, 1 hit, 0 errors, 1 left on base; Houston 0 - Tijuana 5
TOP OF THE 9TH
Houston Colt .45's batting - Pitching for Tijuana Toros : LHP Francisco Flores
Pitching: RHP Noel Polston
Pinch Hitting: LHB Brad Bobbitt 0-0: Foul Ball, location: 2F
0-1: Called Strike
0-2: Strikes out looking
Batting: RHB Jerry Shutt 0-0: SINGLE (Line Drive, 8LS, EV 106.3 MPH)
Batting: LHB Brian Horton 0-0: Called Strike
0-1: Foul Ball, location: 2F
0-2: Strikes out swinging
Batting: RHB Alex Gonzales 0-0: Foul Ball, location: 2F
0-1: Called Strike
0-2: Ball
1-2: Foul Ball, location: 2F
1-2: Ball
2-2: Ball
3-2: Strikes out looking
Top of the 9th over - 0 runs, 1 hit, 0 errors, 1 left on base; Houston 0 - Tijuana 5
Tuesday, September 13th , 2022 - OOTP Baseball 23.7 Build 88